AoeStats
← [ECU] fUnebrero92

Black Forest

508042309Analyzed
4v4 RM · 13d ago on Sep 20, 2026· 45m 49s· 8 players
Game mode
Random Map
Map size
Large (8 player)
Population
200
Speed
Normal
Resources
Standard
Victory
Conquest
Starting age
Dark Age
Ending age
Imperial Age
RankedLock teamsTeams togetherTeam positionsShared explorationLock speedFull tech treeHidden civsTurbo modeCheats
Victory
Defeat
🇹🇼 Aztecs · Taiwan
1131
+16
🇹🇼 Maya · Taiwan
1125
+17
🇫🇷 Spanish · France
1080
+19
🇮🇳 Slavs · India
1073
+19
🇪🇨 Poles · Ecuador
1194
-20
🇪🇨 Mongols · Ecuador
1144
-18
🇪🇨 Lithuanians · Ecuador
1140
-18
🇪🇨 Franks · Ecuador
1071
-15
findingmontoo7
2:39 Loom
12:44 Feudal Age
17:07 Castle Age
15:11 Double-Bit Axe
15:59 Gold Mining
16:08 Horse Collar
18:23 Bow Saw
18:48 Fishing Lines
21:51 Gillnets
26:24 Wheelbarrow
29:11 Imperial Age
27:19 Heavy Plow
27:32 Stone Mining
28:04 Scale Barding Armor
29:08 Hand Cart
29:17 Chain Barding Armor
29:46 Gold Shaft Mining
29:50 Town Watch
29:41 Onager
31:29 Plate Barding Armor
32:19 Conscription
31:34 Elite Boyar
33:39 Crop Rotation
34:24 Detinets
34:40 Forging
42:34 Hoardings
42:51 Forging
44:36 Iron Casting
44:40 Herbal Medicine
45:46 Fletching
46:56 Blast Furnace
只會5TC
0:26 Loom
10:50 Feudal Age
15:05 Castle Age
13:02 Double-Bit Axe
13:16 Horse Collar
16:04 Bow Saw
15:57 Heavy Plow
22:45 Wheelbarrow
22:43 Stone Mining
24:21 Hand Cart
26:49 Ballistics
27:10 Stone Shaft Mining
29:46 Imperial Age
27:12 Gold Mining
27:42 Fletching
27:53 Padded Archer Armor
29:04 Bodkin Arrow
29:24 Leather Archer Armor
29:32 Leather Archer Armor
31:51 Two-Man Saw
30:54 Bracer
31:24 Ring Archer Armor
31:26 Crop Rotation
32:01 Chemistry
30:23 Elite Plumed Archer
31:54 Conscription
33:25 Murder Holes
34:26 Coinage
34:29 Caravan
35:04 Ring Archer Armor
36:06 Banking
38:12 Treadmill Crane
oppppppfpppppp
12:11 Feudal Age
13:22 Double-Bit Axe
16:18 Castle Age
15:07 Horse Collar
17:26 Bow Saw
19:11 Heavy Plow
24:23 Arson
24:39 Squires
24:28 Gambesons
24:05 Pikeman
24:08 Eagle Warrior
28:31 Fishing Lines
31:24 Imperial Age
28:40 Town Watch
30:52 Wheelbarrow
30:04 Loom
31:14 Forging
31:06 Scale Mail Armor
31:09 Gold Mining
31:10 Stone Mining
32:23 Hand Cart
32:50 Crop Rotation
32:47 Ballistics
32:24 Murder Holes
33:46 Garland Wars
33:47 Padded Archer Armor
34:06 Fletching
34:32 Chain Mail Armor
33:45 Elite Skirmisher
35:13 Atlatl
34:46 Capped Ram
35:48 Elite Jaguar Warrior
36:49 Gillnets
37:27 Siege Ram
38:15 Elite Eagle Warrior
39:16 Leather Archer Armor
41:04 Chemistry
40:31 Clinker Construction
40:35 Siege Engineers
41:05 Plate Mail Armor
46:37 Iron Casting
45:58 Bodkin Arrow
reska
2:52 Loom
13:14 Feudal Age
19:21 Castle Age
19:59 Double-Bit Axe
19:58 Horse Collar
23:35 Bow Saw
30:23 Wheelbarrow
31:20 Scale Mail Armor
31:32 Forging
35:38 Imperial Age
33:37 Chain Mail Armor
33:59 Heavy Plow
34:55 Iron Casting
37:13 Plate Mail Armor
37:43 Blast Furnace
38:43 Two-Man Saw
38:26 Elite Conquistador
39:44 Ballistics
40:26 Chemistry
38:54 Pikeman
39:34 Squires
39:30 Halberdier
44:04 Elite Skirmisher
44:51 Thumb Ring
spectro
10:35 Feudal Age
9:42 Loom
15:57 Castle Age
17:44 Wheelbarrow
17:21 Horse Collar
17:34 Double-Bit Axe
20:23 Bow Saw
22:03 Heavy Plow
24:53 Hand Cart
30:40 Imperial Age
29:07 Bloodlines
28:58 Husbandry
30:15 Gold Mining
32:07 Redemption
32:13 Block Printing
31:24 Cavalier
33:13 Szlachta Privileges
33:34 Scale Barding Armor
33:39 Forging
35:29 Crop Rotation
36:34 Chain Barding Armor
36:50 Iron Casting
38:14 Scale Mail Armor
39:36 Elite Obuch
42:11 Blast Furnace
41:27 Chain Mail Armor
41:22 Caravan
Gushy
1:48 Loom
11:26 Feudal Age
16:15 Castle Age
14:58 Double-Bit Axe
28:37 Imperial Age
26:36 Caravan
28:02 Wheelbarrow
28:04 Bow Saw
28:16 Scale Mail Armor
30:40 Chemistry
32:37 Fortified Wall
32:23 Murder Holes
32:39 Masonry
32:38 Siege Engineers
32:53 Gold Mining
32:53 Stone Mining
33:45 Hoardings
33:31 Conscription
33:35 #83
34:46 Fletching
35:12 Chain Mail Armor
35:08 Forging
35:46 Hand Cart
37:20 Bodkin Arrow
37:02 Pikeman
37:42 Squires
37:28 Arson
37:28 Gambesons
38:56 Padded Archer Armor
[ECU] fUnebrero92
0:39 Loom
12:38 Feudal Age
13:47 Horse Collar
17:49 Castle Age
16:10 Double-Bit Axe
25:39 Heavy Plow
26:53 Bow Saw
29:28 Wheelbarrow
28:40 Town Watch
32:18 Imperial Age
29:48 Stone Mining
29:56 Gold Mining
30:35 Scale Barding Armor
30:41 Forging
32:05 Coinage
31:36 Caravan
32:11 Hand Cart
32:28 Chain Barding Armor
32:32 Husbandry
32:43 Bloodlines
33:17 Stone Shaft Mining
35:00 Iron Casting
35:51 Plate Barding Armor
34:39 Cavalier
36:29 Paladin
Takipool19
8:50 Loom
12:04 Feudal Age
17:03 Castle Age
15:27 Horse Collar
16:08 Double-Bit Axe
25:36 Wheelbarrow
24:51 Town Watch
26:52 Gold Mining
26:54 Stone Mining
27:18 Heavy Plow
28:51 Bow Saw
29:22 Hand Cart
29:23 Town Patrol
31:36 Gold Shaft Mining
31:39 Stone Shaft Mining
34:44 Imperial Age
32:07 Fletching
32:59 Thumb Ring
32:58 Bodkin Arrow
33:03 Padded Archer Armor
33:28 Ballistics
34:49 Leather Archer Armor
36:26 Chemistry
35:29 Bracer
36:00 Parthian Tactics
35:59 Conscription
36:19 Elite Mangudai
37:41 Murder Holes
Connection lost

Rejoining the realm…

Still unreachable

The connection could not be restored.

Session expired

The server has moved on; the page needs a fresh start.